 Dungeon Crawl Stone Soup version 0.21.1-1-g345015f (webtiles) character file.

595 shakethe the Grave Robber (level 7, -4/48 (52) HPs)
             Began as a Demonspawn Necromancer on Feb 19, 2018.
             Was an Initiate of Ru.
             Slain by a crimson imp
             ... wielding a +1 quarterstaff of draining
              (9 damage)
             ... on level 5 of the Dungeon on Feb 20, 2018.
             The game lasted 00:20:50 (6417 turns).

shakethe the Grave Robber (Demonspawn Necromancer)  Turns: 6417, Time: 00:20:51

HP:   -4/48 (52)    AC:  5    Str:  9    XL:     7   Next: 17%
MP:   6/12          EV: 12    Int: 18    God:    Ru [......]
Gold: 12            SH:  0    Dex: 13    Spells: 5/12 levels left

rFire    . . .     SeeInvis .   d - +0 dagger (drain)
rCold    . . .     Gourm    .   (no shield)
rNeg     . . .     Faith    .   a - +0 robe
rPois    .         Spirit   .   e - +0 helmet
rElec    .         Reflect  .   (no cloak)
rCorr    .         Harm     .   (no gloves)
MR       .....                  (no boots)
Stlth    ++++......             (no amulet)
HPRegen  1.16/turn              i - ring of wizardry {Wiz+, !d}
MPRegen  0.13/turn              (no ring)

@: regenerating, drained
A: iridescent scales 1, nightstalker 2
a: Renounce Religion


You were on level 5 of the Dungeon.
You worshipped Ru.
Ru was noncommittal.
You were not hungry.

You visited 1 branch of the dungeon, and saw 5 of its levels.

You collected 122 gold pieces.
You spent 110 gold pieces at shops.

Inventory:

Hand Weapons
 d - a +0 dagger of draining (weapon)
   (You took it off a goblin on level 1 of the Dungeon)
Armour
 a - a +0 robe (worn)
 e - a +0 helmet (worn)
   (You found it on level 1 of the Dungeon)
Magical Staves
 q - a cursed staff of summoning {!a}
   (You took it off an orc on level 4 of the Dungeon)
Jewellery
 i - a ring of wizardry (left hand) {Wiz+, !d}
   (You found it on level 1 of the Dungeon)
Wands
 m - a wand of scattershot (1)
   (You found it on level 2 of the Dungeon)
Scrolls
 f - 3 scrolls of enchant armour {unknown}
 g - 3 scrolls of remove curse {unknown}
 h - 2 scrolls of magic mapping {unknown}
 l - 4 scrolls of identify {unknown}
 n - 3 scrolls of blinking {unknown}
 p - a scroll of teleportation {unknown}
 t - a scroll of random uselessness {unknown}
Potions
 j - a potion of berserk rage {!q}
 k - 3 potions of curing
 o - a potion of invisibility {unknown}
 s - a potion of heal wounds
Books
 b - a book of Necromancy
Comestibles
 c - 7 rations


   Skills:
 + Level 3.6(3.0) Fighting
 - Level 1.7(1.2) Dodging
 + Level 3.2(2.6) Stealth
 + Level 3.4(2.8) Spellcasting
 + Level 7.1(6.4) Necromancy


You had 5 spell levels left.
You knew the following spells:

 Your Spells              Type           Power        Failure   Level  Hunger
a - Pain                  Necr           ####         1%          1    None
r - Regeneration          Chrm/Necr      ##........   5%          3    ###....
x - Vampiric Draining     Necr           ####......   1%          3    ###....


Dungeon Overview and Level Annotations

Branches:
Dungeon (5/15)             Temple (0/1) D:4

Altars:
Ashenzari
Gozag
Nemelex Xobeh
Okawaru
Ru

Shops:
D:4 !}

Annotations:
D:4 Mgcat's ghost, amateur HOMo


Innate Abilities, Weirdness & Mutations

You are partially covered in iridescent scales. (AC +2)
You are significantly more attuned to the shadows.


Message History

You take 4 damage, and have 25/48 hp.
You hit the iguana but do no damage. The iguana bites you.
You take 3 damage, and have 22/48 hp.
You closely miss the iguana. The iguana barely misses you.
You hit the iguana. The iguana barely misses you.
Aim: an iguana (severely wounded, heavily drained, chance to defeat MR: 92%)
The iguana writhes in agony!
The iguana barely misses you.
You take 1 damage, and have 21/48 hp.
You now have 9/12 mp.
Aim: an iguana (almost dead, heavily drained)
You kill the iguana!
You feel life coursing into your body.
You regained 2 hp, and now have 23/48 hp.
You now have 6/12 mp.
You start resting.
Some of the chunks of flesh in your inventory have rotted away. x2
Health restored: 48; MP restored: 12 All of the chunks of flesh in your inventory have rotted away.
Things that are here:
a robe; a dagger
Things that are here:
3 stones; a flail
Things that are here:
7 stones; a hand axe; a leather armour You see here a stone.
You see here 3 stones.
Done exploring.
You see here 3 stones.
There is an open door here.
There is a stone staircase leading down here.
You climb downwards.
There is a stone staircase leading up here.
You see here 17 poisoned needles.
The crimson imp blinks!
There is a stone staircase leading up here.
You climb upwards.
Level annotation: Mgcat's ghost, amateur HOMo
There is a stone staircase leading down here.
You can't go down here!
Mgcat's ghost turns its malevolent gaze towards you.
There is a stone staircase leading down here.
You climb downwards.
There is a stone staircase leading up, spattered with blood here.
You climb upwards.
Level annotation: Mgcat's ghost, amateur HOMo Mgcat's ghost completely misses you.
Mgcat's ghost hits you!
There is a stone staircase leading down here.
You take 9 damage, and have 39/48 hp.
Your skin crawls.
Mgcat's ghost hits you.
You take 3 damage, and have 36/48 hp.
You now have 9/12 mp.
You hit Mgcat's ghost.
Mgcat's ghost hits you but does no damage.
You hit Mgcat's ghost but do no damage. Mgcat's ghost hits you!
You take 9 damage, and have 28/48 hp.
You hit Mgcat's ghost but do no damage. Mgcat's ghost hits you.
You hit Mgcat's ghost but do no damage.
Your skin is crawling a little less now.
Mgcat's ghost misses you.
You hit Mgcat's ghost but do no damage. Mgcat's ghost hits you.
You take 4 damage, and have 26/48 hp.
You hit Mgcat's ghost but do no damage. Mgcat's ghost barely misses you.
You hit Mgcat's ghost but do no damage. Mgcat's ghost closely misses you.
You hit Mgcat's ghost but do no damage. Mgcat's ghost closely misses you.
You hit Mgcat's ghost but do no damage.
Your skin stops crawling.
Mgcat's ghost misses you.
Your skin crawls.
Mgcat's ghost barely misses you.
You regained 2 hp, and now have 31/48 hp.
You now have 7/12 mp.
You hit Mgcat's ghost but do no damage.
Your skin is crawling a little less now.
Mgcat's ghost says, "First you will suffer, then you will die."
Mgcat's ghost hits you.
You hit Mgcat's ghost but do no damage. Mgcat's ghost closely misses you.
You hit Mgcat's ghost but do no damage. Mgcat's ghost closely misses you.
You hit Mgcat's ghost but do no damage. Mgcat's ghost hits you.
You take 2 damage, and have 31/48 hp.
You hit Mgcat's ghost. Mgcat's ghost hits you.
You take 3 damage, and have 28/48 hp.
You hit Mgcat's ghost but do no damage. Mgcat's ghost hits you.
You hit Mgcat's ghost but do no damage.
Your skin stops crawling.
Mgcat's ghost hits you.
You take 3 damage, and have 25/48 hp.
You barely miss Mgcat's ghost. Mgcat's ghost hits you.
You take 4 damage, and have 21/48 hp.
You barely miss Mgcat's ghost.
Mgcat's ghost tells you, "None of this matters.
None of this is real!"
Mgcat's ghost hits you.
You take 6 damage, and have 15/48 hp.
You hit Mgcat's ghost but do no damage. Mgcat's ghost hits you.
* * * LOW HITPOINT WARNING * * *
You take 5 damage, and have 10/48 hp.
Mgcat's ghost hits you!
* * * LOW HITPOINT WARNING * * *
You climb downwards.
The crimson imp misses you.
There is a stone staircase leading up, spattered with blood here.
You take 6 damage, and have 4/48 hp.
Your skin crawls.
The crimson imp hits you with a quarterstaff of draining!
You die...

........### ...........
.l).....?# ........#
.........# . ......5.##
.........# .. .........#
.......# .. .........###
#....#.##. ...........##
######..<.....
.........#..#####.............
........##...[@5.#.......##..
............##[##............
.......#.#####..5..........#
.......#.#####.(..........##
.....ยง...##....#..........#
#.##.##..#<#####.........## #
#.##....### #..........#
#.##.........###..........##
......###..#..##...........#


You could see a crimson imp.

Vanquished Creatures
  A necrophage (D:5)
  An ogre (D:4)
  A howler monkey (D:5)
  A hound (D:4)
  An orc wizard (D:4)
  A bullfrog skeleton (D:4)
  An orc priest (D:4)
  An iguana (D:4)
  2 worker ants (D:5)
  7 adders
  An ooze (D:4)
  5 worms
  2 dart slugs (D:4)
  7 leopard geckos
  14 orcs
  A ball python (D:2)
  5 giant cockroaches
  6 goblins
  7 hobgoblins
  12 jackals
  9 kobolds
  A quokka (D:5)
  5 bats
  5 frilled lizards
  2 quokka skeletons (D:4)
  7 rats
106 creatures vanquished.

Notes
Turn   | Place    | Note
-------+----------+-------------------------------------------
     0 | D:1      | shakethe the Demonspawn Necromancer began the quest for the Orb.
     0 | D:1      | Reached XP level 1. HP: 13/13 MP: 3/3
   486 | D:1      | Gained mutation: You are slightly more attuned to the shadows. [demonic ancestry]
   486 | D:1      | Reached XP level 2. HP: 20/20 MP: 3/5
   975 | D:2      | Reached skill level 1 in Fighting
   975 | D:2      | Reached skill level 5 in Necromancy
  1063 | D:2      | Gained mutation: You are partially covered in iridescent scales. (AC +2) [demonic ancestry]
  1063 | D:2      | Reached XP level 3. HP: 21/26 MP: 3/6
  1594 | D:2      | Found a sparkling altar of Nemelex Xobeh.
  1594 | D:2      | Found an opulent altar of Gozag.
  2101 | D:2      | Learned a level 3 spell: Vampiric Draining
  2114 | D:3      | Reached XP level 4. HP: 24/33 MP: 0/7
  2369 | D:3      | Reached skill level 2 in Fighting
  2846 | D:3      | Learned a level 3 spell: Regeneration
  2850 | D:3      | Reached skill level 6 in Necromancy
  2994 | D:3      | Found a shattered altar of Ashenzari.
  3006 | D:3      | Found a sacrificial altar of Ru.
  3107 | D:3      | Became a worshipper of Ru the Awakened
  3310 | D:4      | Gained mutation: You are significantly more attuned to the shadows. [demonic ancestry]
  3310 | D:4      | Reached XP level 5. HP: 20/39 MP: 4/8
  3424 | D:4      | Noticed Mgcat's ghost (amateur HOMo)
  3816 | D:4      | Found a staircase to the Ecumenical Temple.
  4038 | D:4      | Found Cuakirre's Distillery.
  4048 | D:4      | Bought a potion of berserk rage for 55 gold pieces
  4119 | D:4      | Reached skill level 2 in Stealth
  4578 | D:4      | Reached XP level 6. HP: 28/46 MP: 5/10
  4649 | D:4      | Found Wusesh's Gadget Emporium.
  4718 | D:4      | Bought a potion of heal wounds for 55 gold pieces
  4869 | D:4      | Reached skill level 3 in Fighting
  5159 | D:5      | Entered Level 5 of the Dungeon
  5187 | D:5      | Reached skill level 3 in Spellcasting
  5743 | D:5      | HP: 10/44 [necrophage (3)]
  5749 | D:5      | HP: 8/44 [necrophage (4)]
  5772 | D:5      | Found an iron altar of Okawaru.
  5779 | D:5      | Reached skill level 3 in Stealth
  5779 | D:5      | Reached skill level 7 in Necromancy
  5779 | D:5      | Reached XP level 7. HP: 16/48 MP: 0/11
  5928 | D:5      | HP: 12/48 [poisoned by a worker ant]
  5933 | D:5      | HP: 9/48 [poisoned by a worker ant]
  5938 | D:4      | HP: 7/48 [poisoned by a worker ant]
  5943 | D:4      | HP: 5/48 [poisoned by a worker ant]
  5950 | D:4      | HP: 5/48 [poisoned by a worker ant]
  5958 | D:4      | HP: 4/48 [poisoned by a worker ant]
  6414 | D:4      | HP: 10/48 [Mgcat's ghost (5)]
  6415 | D:4      | HP: 3/48 [Mgcat's ghost (7)]
  6417 | D:5      | Slain by a crimson imp

Skill      XL: |  1  2  3  4  5  6 |
---------------+-------------------+-----
Fighting       | 1 2 3 |  3.6
Necromancy     | 5 6 7 |  7.1
Stealth        | 2 3 |  3.2
Spellcasting   | 3 |  3.4
Dodging        | |  1.7

Action                   |  1- 3 |  4- 6 |  7- 9 || total
-------------------------+-------+-------+-------++-------
Melee: Dagger            |    39 |   519 |    41 ||   599
 Cast: Pain              |    41 |    28 |     5 ||    74
       Vampiric Draining |     1 |     8 |     4 ||    13
       Regeneration      |       |    17 |     8 ||    25
Invok: Reject Sacrifices |       |       |     1 ||     1
 Stab: Sleeping          |       |     9 |       ||     9
  Eat: Chunk             |     4 |    13 |       ||    17
       Ration            |       |     1 |     1 ||     2
Armor: Robe              |    12 |   145 |     8 ||   165
Dodge: Dodged            |    42 |   343 |    32 ||   417

Vault maps used:
D:1:      roderic_octagonal_star, serial_co_window_serial, co_window_cross_1,
          co_window_paths_a, co_window_corner_a, co_window_of_opportunity_a,
          co_window_corner_a, co_window_corner_a, co_window_corner_a,
          co_window_paths_a, co_window_paths_b, co_window_corner_cb,
          co_window_of_opportunity_c, co_window_of_opportunity_b,
          glass_columns_a, glass_columns_a, glass_columns_b, glass_columns_b
D:2:      grunt_temple_overflow_opulence
D:3:      nicolae_overflow_hidden_temple, overflow_temple_1_default,
          first_ration
D:4:      minmay_temple_entry_poolview, serial_shops, shop_fountains,
          nicolae_shop_crystal
D:5:      okawaru_metal_pillars_1_2, dancing_weapons_uskayaw

Table legend:
 A = Turns spent in this place as a percentage of turns spent in the entire game.
 B = Non-inter-level travel turns spent in this place as a percentage of non-inter-level travel turns spent in the entire game.
 C = Inter-level travel turns spent in this place as a percentage of turns spent in this place.
 D = Turns resting spent in this place as a percentage of non-inter-level travel turns spent in this place.
 E = Turns spent auto-exploring this place as a percentage of non-inter-level travel turns spent in this place.
 F = Non-inter-level travel turns spent in this place divided by the number of levels of this place that you've seen.
                   A       B       C       D       E      F
               +-------+-------+-------+-------+-------+----------------------
         Total | 100.0 | 100.0 |   1.7 |  26.0 |  36.4 | 1261.2
       Dungeon | 100.0 | 100.0 |   1.7 |  26.0 |  36.4 | 1261.2
               +-------+-------+-------+-------+-------+----------------------

Table legend:
 A = Kills in this place as a percentage of kills in entire the game.
 B = Kills by you in this place as a percentage of kills by you in the entire game.
 C = Kills by friends in this place as a percentage of kills by friends in the entire game.
 D = Other kills in this place as a percentage of other kills in the entire game.
 E = Experience gained in this place as a percentage of experience gained in the entire game.
 F = Experience gained in this place divided by the number of levels of this place that you have seen.
                   A       B       C       D       E      F
               +-------+-------+-------+-------+-------+----------------------
         Total | 100.0 | 100.0 |   N/A |   N/A | 100.0 | 170.2
       Dungeon | 100.0 | 100.0 |   N/A |   N/A | 100.0 | 170.2
               +-------+-------+-------+-------+-------+----------------------
